 Dungeon Crawl Stone Soup version 0.20.1-1-g8b1a95d (webtiles) character file.

42 Kaniblood the Sneak (level 3, -1/27 HPs)
             Began as a Vampire Assassin on Aug 26, 2017.
             Slain by a gnoll
             ... wielding a +0 club
              (4 damage)
             ... on level 1 of the Dungeon.
             The game lasted 00:12:54 (2434 turns).

Kaniblood the Sneak (Vampire Assassin)              Turns: 2434, Time: 00:12:55

Health: -1/27      AC:  4    Str: 11    XL:     3   Next: 35%
Magic:  3/3        EV: 11    Int: 13    God:
Gold:   25         SH:  3    Dex: 15    Spells: 2/2 levels left

rFire    . . .     SeeInvis +   a - +2 dagger
rCold    + + .     Gourm    .   u - +0 buckler
rNeg     + + .     Faith    .   s - +0 leather armour
rPois    +         Spirit   .   (no helmet)
rElec    .         Reflect  .   d - +0 cloak
rCorr    .         Harm     .   (no gloves)
MR       .....                  (no boots)
Stlth    ++++......             (no amulet)
Regen    0.1/turn               i - ring of protection from cold
MPRegen  0.1/turn               y - ring of see invisible (curse)

@: regenerating slowly
A: fangs 3, see invisible, unbreathing
a: Bat Form


You were on level 1 of the Dungeon.
You were very thirsty.

You visited 1 branch of the dungeon, and saw 2 of its levels.

You collected 25 gold pieces.

Inventory:

Hand Weapons
 a - a +2 dagger (weapon)
 b - a +0 blowgun
 j - a +0 whip
 p - a +0 club
 t - a +0 spear
 x - a +0 short sword
Missiles
 e - 3 poisoned needles
 f - 2 curare-tipped needles (quivered)
 q - 12 arrows
Armour
 c - a +0 robe
 d - a +0 cloak (worn)
 n - a +0 robe
 s - a +0 leather armour (worn)
 u - a +0 buckler (worn)
Jewellery
 i - a ring of protection from cold (left hand)
 y - a cursed ring of see invisible (right hand)
Potions
 g - 4 potions of blood
 h - 2 potions of lignification {unknown}
 k - a potion of ambrosia {unknown}
 l - a potion of heal wounds {unknown}
 v - 2 potions of curing {unknown}
Books
 z - a book of Maledictions

   Spells                             Type                      Level
   a - Corona                         Hexes                        1
   b - Ensorcelled Hibernation        Hexes/Ice                    2
   c - Confuse                        Hexes                        3
   d - Tukima's Dance                 Hexes                        3
   e - Dazzling Spray                 Conjuration/Hexes            3
Comestibles
 m - a royal jelly
 o - a meat ration
 r - a bread ration


   Skills:
 + Level 2.1 Fighting
 + Level 2.5 Short Blades
 + Level 1.7 Throwing
 + Level 0.2 Armour
 + Level 1.9 Dodging
 + Level 6.6 Stealth


You had 2 spell levels left.
You didn't know any spells.

Dungeon Overview and Level Annotations

Branches:
Dungeon (2/15)

Altars:


Innate Abilities, Weirdness & Mutations

You heal slowly.
You have razor-sharp teeth.
You have supernaturally acute eyesight. (SInv)
You can survive without breathing.


Message History

The gnoll barely misses you.
You climb upwards.
There is a stone staircase leading down here.
The gnoll hits you but does no damage.
Yummy - fresh blood!
You are feeling very thirsty.
The gnoll barely misses you.
You hit the gnoll but do no damage. You barely miss the gnoll.
The gnoll barely misses you.
You hit the gnoll.
The gnoll is lightly wounded.
The gnoll hits you with a club.
* * * LOW HITPOINT WARNING * * *
You hit the gnoll.
The gnoll is moderately wounded.
The gnoll hits you but does no damage.
You hit the gnoll.
The gnoll is heavily wounded.
The gnoll hits you with a club.
You die...

##### #######...# ##### ##
........#.# #...# #.
........#.### #...# #.
.......##...# #...# #.
........###.#### #...# #.
...............########...# #.
........##...#.g@.........# #.
...........###............######.
#........#####.....(.............
#............#.#......###########
#...>............######.....<....
#....(.......#####...............
#....#########...........###'###.
#....# ##......##'###'##...##'
#....# #....#'##...#...#.>.#..


You could see a gnoll.

Vanquished Creatures
  2 gnolls (D:2)
  An ooze (D:1)
  A dart slug (D:1)
  A giant cockroach (D:1)
  3 hobgoblins (D:1)
  2 bats (D:1)
  5 frilled lizards (D:1)
  3 kobolds (D:1)
  4 rats (D:1)
22 creatures vanquished.

Notes
Turn   | Place    | Note
-------+----------+-------------------------------------------
     0 | D:1      | Kaniblood the Vampire Assassin began the quest for the Orb.
     0 | D:1      | Reached XP level 1. HP: 16/16 MP: 1/1
   393 | D:1      | Reached skill level 6 in Stealth
   474 | D:1      | Reached XP level 2. HP: 17/22 MP: 2/2
  2397 | D:2      | Reached XP level 3. HP: 18/27 MP: 3/3
  2434 | D:1      | Slain by a gnoll

Skill      XL: |  1  2 |
---------------+-------+-----
Stealth        | 6 |  6.6
Fighting       | 2 |  2.1
Short Blades   | |  2.5
Throwing       | |  1.7
Armour         | |  0.2
Dodging        | |  1.9

Action                   || total
-------------------------++-------
Melee: Dagger            ||    74
       Bite              ||     6
  Use: Potion            ||     2
       Scroll            ||     1
Armor: Robe              ||    31
       Leather armour    ||     1
Dodge: Dodged            ||    91
Block: Buckler           ||     3
